 Dungeon Crawl Stone Soup version 0.31-a0-198-g2ad674f65e (webtiles) character file.

Game seed: 18412320260257189653

52 qw the Shooter (level 3, -3/20 HPs)
             Began as a Deep Elf Hunter on June 25, 2023.
             Slain by a gnoll
             ... wielding a +0 flail
             ... led by a gnoll bouda
              (7 damage)
             ... on level 4 of the Dungeon.
             The game lasted 00:00:33 (2582 turns).

qw the Shooter (Deep Elf Hunter)                    Turns: 2582, Time: 00:00:34

Health: -3/20      AC:  6    Str: 10    XL:     3   Next: 60%
Magic:  5/5        EV: 11    Int: 13    God:
Gold:   167        SH:  0    Dex: 18    Spells: 2/2 levels left

rFire   . . .        Y - +0 shortbow
rCold   . . .        (shield currently unavailable)
rNeg    . . .        i - +0 ring mail
rPois   .            h - +0 helmet
rElec   .            (no cloak)
rCorr   .            (no gloves)
SInv    .            (no boots)
Will    .....        (no amulet)
Stlth   +            (no ring)
HPRegen 0.23/turn    (no ring)
MPRegen 0.09/turn

%: no passive effects
@: lethally poisoned (-3 -> -7)
A: no striking features
a: no special abilities


You were on level 4 of the Dungeon.
You visited 1 branch of the dungeon, and saw 4 of its levels.

You collected 167 gold pieces.


   Skills:
 - Level 1.5 Fighting
 + Level 7.1 Ranged Weapons
 - Level 2.4 Dodging
 - Level 1.2 Stealth


You had 2 spell levels left.
You didn't know any spells.
Your spell library was empty.

Inventory:

Hand Weapons
 Y - a +0 shortbow (weapon)
Armour
 h - a +0 helmet (worn)
 i - a +0 ring mail (worn)
Scrolls
 b - a scroll of identify
Potions
 a - a potion of enlightenment {unknown}
 c - 2 potions of haste {unknown}
 d - a potion of might
 e - 3 potions of heal wounds
 f - a potion of magic {unknown}
 g - a potion of curing {unknown}

Dungeon Overview and Level Annotations

Branches:
Dungeon (4/15)
 Temple: D:4-7

Altars:
Vehumet


Message History

You shoot an arrow.
The arrow hits Robin but does no damage.
Robin is heavily wounded.
A gnoll comes into view. It is wielding a +0 halberd.
A hobgoblin comes into view.
You shoot an arrow. The gnoll shouts!
The arrow hits Robin.
Robin is severely wounded.
You hear a shout!
Robin hits you with a +0 whip.
A goblin comes into view. It is wielding a +0 dagger.
A hobgoblin comes into view.
The gnoll hits you with a +0 whip. Robin hits you but does no damage.
A hobgoblin comes into view.
You shoot an arrow. The hobgoblin shouts!
The arrow hits Robin.
Robin is almost dead.
The gnoll hits you with a +0 whip.
A gnoll bouda comes into view. It is wielding a +0 whip.
Robin throws the goblin at you!
A goblin comes into view. It is wielding a +0 dagger.
You shoot an arrow. The arrow hits Robin.
You kill Robin!
The goblin closely misses you. The gnoll hits you with a +0 whip.
The gnoll bouda barks out a call to the hunt!
The gnoll picks up the pace!
The goblin hits you with a +0 dagger.
Your Ranged Weapons skill increases to level 7!
You shoot an arrow. The arrow barely misses the gnoll.
The gnoll hits you but does no damage. The gnoll hits you with a +0 whip.
The goblin hits you but does no damage.
You are lethally poisoned!
The goblin hits you but does no damage. The goblin barely misses you.
You shoot an arrow.
The arrow hits the gnoll but does no damage.
You feel sick. The goblin hits you but does no damage.
The gnoll hits you with a +0 flail!
You die...

.....#.# ....#.#
#..g#g# #..g#.###
.####.gg.g..
.......gg.#
..!...ggg.# #g@g#
#g..# ..#####...#
..........#
####.###..#
..........#
####.####.#######.##
............<.....#
##################.#


You could see 3 gnolls, 4 hobgoblins and 7 goblins.

Vanquished Creatures
  Robin (D:4)
  An adder (D:2)
  2 endoplasms
  3 giant cockroaches (D:1)
  6 goblins
  3 hobgoblins
  2 quokkas (D:1)
  2 bats
  3 frilled lizards
  2 kobolds (D:1)
  7 rats
32 creatures vanquished.

Notes
Turn   | Place    | Note
-------+----------+-------------------------------------------
     0 | D:1      | qw the Deep Elf Hunter began the quest for the Orb.
     0 | D:1      | Reached XP level 1. HP: 12/12 MP: 3/3
     0 | D:1      | 0 ||| qw: Version: 0.3-a-22-g0ed2b0b
     0 | D:1      | 0 ||| qw: Game counter: 4991
     0 | D:1      | 0 ||| qw: Melee chars always use a shield: true
     0 | D:1      | 0 ||| qw: God list: Okawaru
     0 | D:1      | 0 ||| qw: Allow faded altars: false
     0 | D:1      | 0 ||| qw: Do Orc after clearing Dungeon:15 true
     0 | D:1      | 0 ||| qw: Do second Lair branch before Depths: true
     0 | D:1      | 0 ||| qw: Lair rune preference: random
     0 | D:1      | 0 ||| qw: Goals: Normal
     0 | D:1      | 0 ||| PLANNING D:1-11
   225 | D:1      | Reached XP level 2. HP: 16/16 MP: 4/4
   237 | D:1      | Reached skill level 6 in Ranged Weapons
   726 | D:1      | 726 ||| READING scroll labelled HEROXE YTHRUNI.
   727 | D:1      | 727 ||| DRINKING 2 sapphire potions.
   728 | D:1      | 728 ||| DROPPING scroll of butterflies.
   978 | D:2      | Found a faded altar of an unknown god.
   992 | D:2      | Reached XP level 3. HP: 20/20 MP: 5/5
  1650 | D:2      | 1650 ||| UPGRADING to +0 ring mail.
  1660 | D:2      | 1660 ||| DROPPING +0 leather armour.
  1661 | D:2      | 1661 ||| READING scroll labelled SEWNOLEOMP.
  1662 | D:2      | 1662 ||| READING scroll labelled QUMEIPN JEOTZ.
  1663 | D:2      | 1663 ||| READING scroll labelled SONKIU LOAWAS.
  1664 | D:2      | 1664 ||| DRINKING 2 sedimented coppery potions.
  1782 | D:3      | 1782 ||| FLEEEEING.
  1783 | D:3      | 1783 ||| FLEEEEING.
  1784 | D:3      | 1784 ||| FLEEEEING.
  1785 | D:3      | 1785 ||| FLEEEEING.
  1787 | D:3      | 1787 ||| FLEEEEING.
  1788 | D:3      | 1788 ||| FLEEEEING.
  1789 | D:3      | 1789 ||| FLEEEEING.
  1973 | D:3      | Found a radiant altar of Vehumet.
  2511 | D:3      | 2511 ||| UPGRADING to +0 helmet.
  2516 | D:3      | 2516 ||| READING scroll labelled KAXTUONADUO.
  2571 | D:4      | Noticed Robin
  2580 | D:4      | Killed Robin
  2581 | D:4      | Reached skill level 7 in Ranged Weapons
  2582 | D:4      | HP: 4/20 [poisoned by a goblin]
  2582 | D:4      | Slain by a gnoll

Levels and vault maps discovered:
D:1:      dpeg_arrival_tiny_j, layout_basic, minmay_crystal_room
D:2:      layout_basic, shapermc_ecumenical_altar_starsandcircs
D:3:      layout_basic, marbit_many_paths, hex_large, grunt_ministairs_7,
          serial_bayou_pond_b
D:4:      cheibrodos_pilgrimage, layout_loops_ring, uniq_eustachio, uniq_robin

Skill      XL: |  1  2  3 |
---------------+----------+-----
Ranged Weapons | 6 7 |  7.1
Fighting       | |  1.5
Dodging        | |  2.4
Stealth        | |  1.2

Action                     || total
---------------------------++-------
   Fire: Shortbow          ||    95
    Use: Scroll            ||     5
         Potion            ||     2
 Armour: Leather armour    ||     3
         Ring mail         ||     6
  Dodge: Dodged            ||    12

Table legend:
 A = Non-vault XP
 B = Vault XP
 C = Vault XP percentage of total XP
 D = Non-vault monster count
 E = Vault monster count
 F = Vault count percentage of total count
                 A         B        C        D         E       F
            +---------+---------+-------+---------+---------+-------
      Total |      50 |      25 |  33.3 |      26 |       6 |  18.8
            +---------+---------+-------+---------+---------+-------
        D:1 |      29 |       0 |   0.0 |      19 |       0 |   0.0
        D:2 |      16 |       0 |   0.0 |       3 |       0 |   0.0
        D:3 |       5 |       5 |  50.0 |       4 |       3 |  42.9
        D:4 |       0 |      20 | 100.0 |       0 |       3 | 100.0
            +---------+---------+-------+---------+---------+-------
